AoeStats
← E-d-d-i-e91G

Lombardia

509590987Analyzed
2v2 RM · 6d ago on Sep 27, 2026· 62m 46s· 4 players
Game mode
Random Map
Map size
Medium (4 player)
Population
200
Speed
Normal
Resources
Standard
Victory
Conquest
Starting age
Dark Age
Ending age
Imperial Age
RankedLock teamsTeams togetherTeam positionsShared explorationLock speedFull tech treeHidden civsTurbo modeCheats
Victory
Defeat
🇵🇭 Italians · Philippines
527
+13
🇵🇭 Britons · Philippines
527
+13
🇦🇺 Goths · Australia
469
-13
🇦🇺 Wu · Australia
451
-13
E-d-d-i-e91G
13:23 Feudal Age
12:19 Loom
26:27 Fletching
30:10 Padded Archer Armor
40:31 Double-Bit Axe
41:27 Wheelbarrow
44:24 Castle Age
42:34 Horse Collar
48:17 Bodkin Arrow
51:08 Leather Archer Armor
IAMASTROMAN9714
12:26 Feudal Age
13:19 Man-at-Arms
14:20 Double-Bit Axe
18:30 Bloodlines
25:21 Scale Mail Armor
33:42 Forging
33:32 Padded Archer Armor
33:36 Fletching
35:35 Horse Collar
44:24 Castle Age
45:23 Elite Skirmisher
45:23 Crossbowman
45:28 Long Swordsman
51:37 Bodkin Arrow
51:58 Leather Archer Armor
ggamer2311
11:43 Feudal Age
13:38 Man-at-Arms
14:54 Arson
15:30 Horse Collar
17:42 Forging
26:06 Castle Age
25:18 Scale Mail Armor
26:15 Long Swordsman
27:21 Pikeman
29:53 Squires
31:50 Double-Bit Axe
33:04 Iron Casting
34:03 Gold Mining
34:03 Stone Mining
34:36 Fletching
38:37 Imperial Age
41:41 Blast Furnace
43:49 Chain Mail Armor
53:20 Onager
Cederas
11:06 Feudal Age
17:02 Double-Bit Axe
17:00 Horse Collar
19:49 Padded Archer Armor
19:39 Fletching
23:12 Castle Age
21:39 Scale Mail Armor
21:49 Forging
23:22 Crossbowman
24:05 Squires
23:25 Pikeman
24:14 Heavy Plow
27:48 Bow Saw
29:59 Leather Archer Armor
29:39 Bodkin Arrow
30:00 Chain Mail Armor
30:21 Iron Casting
31:15 Ballistics
32:43 Gambesons
33:14 Elite Skirmisher
36:09 Iron Casting
39:04 Man-at-Arms
40:41 Husbandry
40:04 Light Cavalry
41:20 Scale Barding Armor
43:51 Imperial Age
41:08 Loom
41:58 Wheelbarrow
41:08 Town Watch
40:55 Long Swordsman
43:50 Heated Shot
44:20 Fervor
44:07 Capped Ram
44:46 Cavalier
46:09 Gold Mining
51:24 Yeomen
51:35 Halberdier
51:38 Arbalester
53:20 Ring Archer Armor
52:51 Bracer
59:41 Warwolf
Connection lost

Rejoining the realm…

Still unreachable

The connection could not be restored.

Session expired

The server has moved on; the page needs a fresh start.